 Dungeon Crawl Stone Soup version 0.29-a0-330-g52719c12eb (webtiles) character file.

Game seed: 6797397041022507535

5418 HoaS the Quickloader (level 10, -4/68 HPs)
             Began as a Kobold Hunter on May 21, 2022.
             Was a Believer of Makhleb.
             Slain by a cane toad (15 damage)
             ... on level 1 of the Lair of Beasts.
             The game lasted 00:21:37 (8966 turns).

HoaS the Quickloader (Kobold Hunter)                Turns: 8966, Time: 00:21:38

Health: -4/68      AC: 11    Str:  9    XL:     10   Next: 99%
Magic:  10/10      EV: 23    Int: 11    God:    Makhleb [**....]
Gold:   489        SH:  0    Dex: 22    Spells: 9/9 levels left

rFire   . . .      SeeInvis .   a - +4 hand crossbow
rCold   . . .      Faith    .   (no shield)
rNeg    . . .      Spirit   .   u - +0 steam dragon scales
rPois   .          Reflect  .   o - +2 helmet
rElec   .          Harm     .   b - +0 cloak
rCorr   .          Rampage  .   f - +1 pair of gloves
Will    .....                   (no boots)
Stlth   +++++.....              m - amulet of regeneration
HPRegen 1.01/turn               (no ring)
MPRegen 0.12/turn               (no ring)

@: lethally poisoned (-4 -> -19)
A: small, no large weapons, nightstalker 3
a: Renounce Religion, Minor Destruction


You were on level 1 of the Lair of Beasts.
You worshipped Makhleb.
Makhleb was pleased with you.
You visited 3 branches of the dungeon, and saw 12 of its levels.

You collected 489 gold pieces.

Inventory:

Hand Weapons
 a - a +4 hand crossbow (weapon)
Missiles
 e - 2 throwing nets
Armour
 b - a +0 cloak (worn)
 f - a +1 pair of gloves (worn)
 o - a +2 helmet (worn)
 u - +0 steam dragon scales (worn)
Jewellery
 m - an amulet of regeneration (around neck)
Wands
 l - a wand of paralysis (16)
 t - a wand of acid (7)
 x - a wand of mindburst (2)
 y - a wand of flame (13)
Scrolls
 c - a scroll of immolation
 d - 3 scrolls of fog
 g - 4 scrolls of teleportation
 r - a scroll of silence
 s - 5 scrolls of fear
Potions
 h - 5 potions of curing
 i - 5 potions of flight
 j - 2 potions of cancellation
 k - a potion of heal wounds
 n - a potion of berserk rage
 p - a potion of mutation
 q - 2 potions of ambrosia
 v - a potion of attraction {unknown}
 w - a potion of invisibility {unknown}


   Skills:
 + Level 10.6 Fighting
 + Level 10.9 Crossbows
 + Level 10.8 Dodging
 - Level 6.8 Stealth


You had 9 spell levels left.
You didn't know any spells.
Your spell library contained the following spells:

 Spells                   Type           Power      Damage    Failure   Level
 Shock                    Conj/Air       0%         1d3       34%         1
 Summon Small Mammal      Summ           0%         N/A       34%         1
 Blink                    Tloc           0%         N/A       47%         2
 Call Canine Familiar     Summ           0%         N/A       71%         3
 Dazzling Flash           Conj/Hex       0%         N/A       71%         3
 Lesser Beckoning         Tloc           0%         N/A       71%         3
 Summon Guardian Golem    Hex/Summ       0%         N/A       71%         3
 Swiftness                Air            0%         N/A       71%         3
 Airstrike                Air            0%         N/A       98%         4
 Cause Fear               Hex            0%         N/A       98%         4
 Agony                    Necr           0%         N/A       100%        5
 Manifold Assault         Tloc           0%         N/A       100%        5
 Silence                  Hex/Air        0%         N/A       100%        5
 Dragon Form              Tmut           0%         N/A       100%        7
 Dragon's Call            Summ           0%         N/A       100%        9


Dungeon Overview and Level Annotations

Branches:
Dungeon (10/15)            Temple (1/1) D:4            Lair (1/6) D:10
    Orc: D:9-12

Altars:
Ashenzari
Cheibriados
Dithmenos
Elyvilon
Fedhas
Gozag
Hepliaklqana
Kikubaaqudgha
Makhleb
Nemelex Xobeh
Okawaru
Qazlal
Ru
Sif Muna
Trog
Uskayaw
Vehumet
Wu Jian
Xom
Yredelemnul
Zin
The Shining One

Shops:
D:4 =   D:7 =*

Annotations:
D:7 3 runed translucent doors, anonymous's ghost, novice OgBe


Innate Abilities, Weirdness & Mutations

You are small and have problems with some larger weapons.
You are completely attuned to the shadows.


Message History

The cane toad is heavily wounded.
The cane toad stings you.
You are poisoned.
The cane toad poisons you!
You shoot a bolt. The bolt hits the cane toad.
The cane toad is heavily wounded.
You feel very sick. The cane toad stings you!
You are more poisoned.
The cane toad poisons you!
You shoot a bolt.
The bolt hits the cane toad but does no damage.
The cane toad is heavily wounded.
You feel extremely sick. The cane toad barely misses you.
You shoot a bolt. The bolt closely misses the cane toad.
You feel very sick. The cane toad barely misses you.
The cane toad closely misses you.
You shoot a bolt. The bolt hits the cane toad.
The cane toad is heavily wounded.
You feel very sick. The cane toad closely misses you.
Shoot: a) +4 hand crossbow
Press: ? - help, Q - select action, (/) - cycle Shift-Dir - straight line, f/p - cane toad
Aim: a cane toad (heavily wounded, 77% to hit)
You shoot a bolt. The bolt hits the cane toad!
The cane toad is almost dead.
You feel very sick. The cane toad stings you!
* * * LOW HITPOINT WARNING * * *
You are lethally poisoned!
The cane toad poisons you!
Shoot: a) +4 hand crossbow
Press: ? - help, Q - select action, (/) - cycle Shift-Dir - straight line, f/p - cane toad
Aim: a cane toad (almost dead, 77% to hit)
You shoot a bolt. The bolt closely misses the cane toad.
* * * LOW HITPOINT WARNING * * *
You feel very sick. The cane toad stings you!
You die...

#.# ##..#.
.###....##
....F.....
#.@.....
##......
#.###.# #.#
###.##..
##...P...
#####........
.............
#####.##.....


You could see a cane toad.

Vanquished Creatures
  Pikel (D:4)
  2 kobold demonologists (D:10)
  Prince Ribbit (D:8)
  A wyvern (D:9)
  5 yaks (D:9)
  3 steam dragons
  2 acid dragons
  6 water moccasins
  An orc warrior (D:10)
  A black bear (D:7)
  2 ice beasts (D:7)
  An ogre (D:5)
  2 sky beasts
  2 lemures (D:3)
  5 kobold brigands
  A gnoll sergeant (D:6)
  3 bullfrogs
  5 necrophages
  A howler monkey (D:5)
  3 hounds
  2 jellies
  3 orc priests
  3 iguanas
  Jessica (D:3)
  3 orc wizards
  Robin (D:2)
  4 gnolls (D:6)
  8 adders
  A white imp (D:7)
  3 dart slugs
  28 orcs
  4 bats
  4 endoplasms
  3 giant cockroaches
  13 goblins
  8 hobgoblins
  2 jackals (D:3)
  5 quokkas
  12 ball pythons
  3 frilled lizards
  17 kobolds
  6 rats
182 creatures vanquished.

Vanquished Creatures (others)
  6 plants
6 creatures vanquished.

Grand Total: 188 creatures vanquished

Notes
Turn   | Place    | Note
-------+----------+-------------------------------------------
     0 | D:1      | HoaS the Kobold Hunter began the quest for the Orb.
     0 | D:1      | Reached XP level 1. HP: 12/12 MP: 1/1
    70 | D:1      | You fall into a shaft and drop 1 floor!
    96 | D:2      | Reached XP level 2. HP: 17/17 MP: 2/2
   345 | D:1      | Reached XP level 3. HP: 21/21 MP: 3/3
  1167 | D:2      | Noticed Robin
  1184 | D:2      | Reached XP level 4. HP: 26/26 MP: 4/4
  1198 | D:2      | Killed Robin
  1597 | D:3      | Noticed Jessica
  1606 | D:3      | Killed Jessica
  1869 | D:3      | Found a snail-covered altar of Cheibriados.
  2079 | D:3      | Reached XP level 5. HP: 30/30 MP: 5/5
  2180 | D:3      | Found a shimmering blue altar of Sif Muna.
  2794 | D:4      | Noticed a lemure
  2794 | D:4      | Noticed a lemure
  2794 | D:4      | Noticed a lemure
  2794 | D:4      | Noticed a lemure
  2833 | D:3      | Killed a lemure
  2995 | D:3      | Killed a lemure
  3268 | D:4      | Reached XP level 6. HP: 19/35 MP: 6/6
  3427 | D:4      | Found a staircase to the Ecumenical Temple.
  3438 | Temple   | Entered the Ecumenical Temple
  3646 | Temple   | Became a worshipper of Makhleb the Destroyer
  3736 | D:4      | Found a hide-covered altar of Uskayaw.
  3785 | D:4      | Noticed Pikel
  3810 | D:4      | Killed Pikel
  3811 | D:4      | Reached skill level 10 in Crossbows
  3811 | D:4      | Reached XP level 7. HP: 34/42 MP: 7/7
  3950 | D:4      | Found Batwu Ufe's Jewellery Shoppe.
  4252 | D:5      | Entered Level 5 of the Dungeon
  4339 | D:5      | Reached XP level 8. HP: 27/48 MP: 8/8
  4390 | D:5      | Reached skill level 5 in Dodging
  4897 | D:6      | Reached skill level 5 in Fighting
  5223 | D:6      | Reached * piety under Makhleb
  5295 | D:6      | Reached skill level 5 in Stealth
  5718 | D:7      | Reached XP level 9. HP: 52/55 MP: 9/9
  5914 | D:7      | Found Tfuruoso's Tempting Trifles.
  6083 | D:7      | Found Vuqaf's Jewellery Boutique.
  6144 | D:7      | Found a runed translucent gate.
  6144 | D:7      | Found a runed translucent gate.
  6144 | D:7      | Found a runed translucent gate.
  6699 | D:7      | Noticed anonymous's ghost (novice OgBe)
  7307 | D:8      | Noticed Prince Ribbit
  7695 | D:8      | Killed Prince Ribbit
  7696 | D:8      | Reached XP level 10. HP: 65/65 MP: 10/10
  7889 | D:9      | Reached skill level 10 in Dodging
  8034 | D:10     | Entered Level 10 of the Dungeon
  8163 | D:10     | Reached skill level 10 in Fighting
  8214 | D:10     | Reached ** piety under Makhleb
  8282 | D:10     | Found a staircase to the Lair.
  8289 | D:10     | Noticed a kobold demonologist
  8292 | D:10     | Noticed a kobold demonologist
  8308 | D:10     | Killed a kobold demonologist
  8337 | D:10     | Killed a kobold demonologist
  8549 | D:10     | Found an ornate altar of the Wu Jian Council.
  8565 | D:10     | Found a shadowy altar of Dithmenos.
  8736 | D:10     | Found a sacrificial altar of Ru.
  8884 | Lair:1   | Entered Level 1 of the Lair of Beasts
  8956 | Lair:1   | Noticed a cane toad
  8966 | Lair:1   | Slain by a cane toad

Illustrated notes

Levels and vault maps discovered:
D:1:      dpeg_arrival_arbitrary_c, layout_rooms, palyth_stone_intersect,
          minmay_misc_feat_pillars, grunt_decor_clamped
D:2:      layout_rooms, amcnicky_mini_rare_corridor_liquid, uniq_robin
D:3:      layout_basic, amcnicky_altar_gilded, mainiacjoe_overflow_catwalk,
          uniq_jessica
D:4:      layout_basic, eat_drink_and_be_merry_uskayaw,
          minmay_temple_entry_gardened_gates, serial_shops, nicolae_shop_stone,
          hex_large, uniq_pikel
D:5:      layout_basic
D:6:      layout_cave_pools, minmay_misc_feat_more_columns, sigmund_army
D:7:      layout_loops_corners, serial_shops, shop, biasface_ghost_orc_armoury,
          nicolae_alphabet_shops
D:8:      layout_basic, uniq_prince_ribbit1
D:9:      layout_loops_corners
D:10:     cheibrodos_iron_armory, layout_basic, mainiacjoe_overflow_alcove_2,
          mainiacjoe_overflow_large_starburst, lair_entry_dummy
Temple:   nicolae_temple_elliptical
Lair:1:   layout_cave_pods, cheibrodos_lair_reptile_den,
          infiniplex_staircase_pool_2, serial_bayou_shore_b

Skill      XL: |  1  2  3  4  5  6  7  8  9 10 |
---------------+-------------------------------+-----
Crossbows      | 6 7 9 10 | 10.9
Fighting       | 3 4 6 8 10 | 10.6
Dodging        | 4 6 9 10 | 10.8
Stealth        | 3 5 6 |  6.8

Action                   |  1- 3 |  4- 6 |  7- 9 | 10-12 || total
-------------------------+-------+-------+-------+-------++-------
 Fire: Hand crossbow     |    55 |   135 |   289 |   209 ||   688
Evoke: Wand              |       |     1 |       |       ||     1
  Use: Scroll            |     2 |     8 |    10 |     1 ||    21
       Potion            |       |     2 |       |       ||     2
Armor: Leather armour    |     2 |    11 |     4 |       ||    17
       Robe              |       |       |    15 |       ||    15
       Acid dragon scale |       |       |     7 |    24 ||    31
       Steam dragon scal |       |       |       |    14 ||    14
Dodge: Dodged            |    10 |    52 |   131 |   165 ||   358

Table legend: (Time is in decaauts)
 A = Elapsed time spent in this place.
 B = Non-inter-level travel time spent in this place.
 C = Inter-level travel time spent in this place.
 D = Time resting spent in this place.
 E = Time spent auto-exploring this place.
 F = Levels seen in this place.
 G = Mean time per level.
                   A        B        C        D        E       F      G
               +--------+--------+--------+--------+--------+-----+--------+
         Total |   9025 |   8726 |    299 |   1313 |   5962 |  12 |  752.1 |
       Dungeon |   8754 |   8489 |    265 |   1313 |   5759 |  10 |  875.4 |
        Temple |    231 |    198 |     33 |      0 |    185 |   1 |  231.0 |
          Lair |     39 |     39 |      0 |      0 |     18 |   1 |   39.0 |
               +--------+--------+--------+--------+--------+-----+--------+

Top non-repeatable levels by time:
     D:3: 1432 daAuts
     D:7: 1033 daAuts
     D:4: 1011 daAuts
     D:8: 972 daAuts
    D:10: 904 daAuts
     D:2: 822 daAuts
     D:6: 810 daAuts
     D:1: 790 daAuts
     D:5: 640 daAuts
     D:9: 335 daAuts
  Temple: 231 daAuts
  Lair:1: 39 daAuts
